Map: Snowy Mesa

Players

Tenonee

  • Race: Zerg Zerg
  • League: Diamond

Cherry

  • Race: Protoss Protoss
  • League: Diamond

McFiasco - Winner!

  • Race: Zerg Zerg
  • League: Diamond

UrineTrouble - Winner!

  • Race: Protoss Protoss
  • League: Platinum

VOD

Have the link to the VOD?

Description

Time

  • Played on: July 29, 2016, 9:47 a.m.
  • Length: 13:47
Show
View Real Time Build Order
Export as new Build Order

Tenonee Zerg 

Build Orders: Hatch First 

Get SALT Encoding   

  12  0:02  Drone  
  13  0:15  Overlord  
  13  0:23  Drone  
  14  0:37  Drone  
  14  0:38  Drone x2  
  17  0:50  Drone  
  18  0:59  Hatchery  
  18  1:02  Drone  
  18  1:07  Extractor  
  17  1:18  Spawning Pool  
  16  1:32  Drone x3  
  19  1:44  Overlord  
  19  2:00  Drone  
  20  2:08  Queen  
  20  2:13  Metabolic Boost  
  20  2:15  Queen  
  24  2:20  Drone x3  
  27  2:47  Queen  
  27  2:50  Queen  
  31  2:51  Drone x2  
  31  2:52  Drone  
  34  3:00  Overlord  
  34  3:12  Zergling x4  
  36  3:21  Overlord  
  36  3:23  Zergling x4  
  38  3:32  Drone x4  
  38  3:33  Drone x2  
  44  3:39  Overlord x2  
  44  4:01  Drone x5  
  49  4:12  Drone x4  
  49  4:13  Drone  
  49  4:15  Extractor x2  
  52  4:18  Extractor, Lair  
  52  4:22  Roach Warren  
  50  4:32  Drone x2  
  52  4:44  Drone x2  
  54  4:47  Drone  
  54  4:48  Drone  
  54  4:50  Evolution Chamber x2  
  54  5:06  Roach x7  
  54  5:07  Roach  
  68  5:10  Overlord x2  
  66  5:18  Glial Reconstitution  
  66  5:19  Overlord  
  66  5:20  Overlord  
  64  5:25  Roach  
  70  5:35  Roach x2  
  64  5:43  Roach  
  57  5:51  Roach x4  
  57  5:52  Roach  
  58  6:04  Zerg Ground Armor Level 1  
  58  6:05  Zerg Missile Weapons Level 1  
  58  6:07  Drone x2  
  60  6:20  Roach x2  
  64  6:31  Spore Crawler  
  64  6:32  Spore Crawler  
  62  6:33  Spire  
  62  6:38  Roach x6  
  62  6:39  Roach  
  73  6:48  Drone x3  
  76  7:00  Drone x2  
  76  7:01  Overlord  
  66  7:17  Roach x5  
  74  7:39  Roach x6  
  74  7:40  Roach  
  74  7:43  Extractor  
  87  7:45  Extractor  
  87  7:48  Zergling x2  
  87  7:50  Zergling x2  
  87  7:51  Hatchery  
  87  7:53  Zerg Flyer Weapons Level 1  
  87  8:00  Drone x3  
  87  8:02  Ravager x4  
  87  8:03  Ravager  
  88  8:24  Spore Crawler  
  88  8:25  Spore Crawler  
  65  8:48  Drone x3  
  66  8:56  Roach x5  
  66  8:57  Roach x6  
  66  9:00  Overlord  
  66  9:01  Overlord  
  88  9:18  Mutalisk  
  88  9:19  Mutalisk x4  
  98  9:24  Drone x2  
  100  9:33  Drone  
  101  9:42  Mutalisk  
  101  9:43  Mutalisk x3  
  109  9:52  Pneumatized Carapace  
  109  9:54  Zergling x2  
  110  10:07  Spore Crawler  
  110  10:08  Mutalisk x2  
  113  10:19  Queen  
  83  10:47  Roach x8  
  83  10:48  Roach x5  
  103  10:51  Mutalisk  
  103  10:52  Mutalisk x8  
  117  11:08  Mutalisk x4  
  117  11:09  Mutalisk  
  117  11:14  Corruptor  
  95  11:29  Mutalisk x3  
  95  11:30  Mutalisk x2  
  78  11:40  Mutalisk x2  
  71  11:57  Roach x2  
  71  11:58  Roach x2  
  65  12:12  Drone  
  62  12:23  Drone  
Show
View Real Time Build Order
Export as new Build Order

Cherry Protoss 

Build Orders:  

Get SALT Encoding   

  12  0:01  Probe (Chrono Boost)  
  13  0:11  Probe (Chrono Boost)  
  14  0:21  Pylon  
  14  0:22  Probe (Chrono Boost)  
  15  0:39  Probe (Chrono Boost), Gateway  
  16  0:49  Assimilator  
  17  0:50  Probe (Chrono Boost)  
  17  1:00  Probe (Chrono Boost)  
  17  1:03  Gateway  
  18  1:11  Probe (Chrono Boost)  
  19  1:13  Assimilator  
  19  1:20  Pylon  
  19  1:29  Cybernetics Core  
  19  1:32  Probe (Chrono Boost)  
  20  1:42  Probe (Chrono Boost)  
  21  1:53  Probe (Chrono Boost)  
  22  2:04  Probe (Chrono Boost)  
  22  2:05  Adept  
  22  2:06  Adept  
  27  2:09  Warp Gate  
  28  2:16  Probe (Chrono Boost)  
  28  2:32  Adept  
  30  2:57  Nexus  
  30  3:10  Pylon  
  30  3:17  Pylon  
  30  3:22  Robotics Facility  
  30  3:24  Adept  
  30  3:28  Adept  
  30  3:31  Mothership Core (Chrono Boost)  
  35  3:48  Adept  
  35  3:51  Probe (Chrono Boost)  
  39  4:03  Probe (Chrono Boost)  
  39  4:07  Immortal  
  43  4:12  Probe (Chrono Boost)  
  43  4:15  Probe (Chrono Boost)  
  43  4:27  Probe (Chrono Boost)  
  40  4:34  Probe (Chrono Boost)  
  40  4:37  Assimilator  
  42  4:39  Probe (Chrono Boost)  
  42  4:40  Assimilator  
  42  4:41  Immortal  
  42  4:44  Stalker  
  42  4:45  Probe (Chrono Boost)  
  45  4:52  Probe (Chrono Boost)  
  50  4:53  Stalker  
  50  4:58  Gateway  
  48  5:10  Stalker  
  46  5:17  Stalker  
  48  5:25  Immortal  
  33  5:56  Stalker  
  33  5:57  Stalker  
  37  5:59  Immortal  
  39  6:04  Probe (Chrono Boost)  
  39  6:05  Probe (Chrono Boost), Stalker  
  45  6:17  Probe (Chrono Boost)  
  46  6:21  Sentry x2  
  50  6:30  Gateway  
  50  6:33  Pylon  
  50  6:36  Pylon  
  50  6:47  Probe (Chrono Boost)  
  52  6:48  Probe (Chrono Boost)  
  52  6:51  Immortal  
  52  7:00  Sentry  
  58  7:12  Sentry  
  54  7:20  Stalker  
  56  7:36  Stalker x2  
  60  7:38  Probe (Chrono Boost)  
  60  7:40  Probe (Chrono Boost)  
  62  7:45  Sentry  
  62  7:49  Probe (Chrono Boost)  
  66  7:52  Probe (Chrono Boost)  
  66  8:00  Probe (Chrono Boost)  
  67  8:06  Stalker  
  67  8:10  Probe (Chrono Boost)  
  70  8:13  Pylon  
  70  8:15  Pylon  
  38  8:36  Immortal  
  38  8:42  Stalker x3  
  38  8:47  Probe (Chrono Boost)  
  49  8:54  Forge  
  49  8:55  Forge  
  49  9:09  Nexus  
  49  9:17  Stalker  
  49  9:20  Protoss Ground Weapons Level 1  
  49  9:21  Adept  
  53  9:25  Adept  
  53  9:30  Adept  
  57  9:35  Protoss Ground Armor Level 1  
  55  9:44  Adept x2  
  55  9:57  Assimilator  
  55  9:59  Assimilator  
  55  10:04  Twilight Council  
  55  10:15  Adept x2  
Show
View Real Time Build Order
Export as new Build Order

McFiasco Zerg - Winner!

Build Orders: Hatch First 

Get SALT Encoding   

  12  0:01  Drone  
  13  0:12  Overlord  
  13  0:17  Drone  
  14  0:30  Drone  
  14  0:31  Drone  
  16  0:36  Drone  
  17  0:54  Hatchery  
  16  0:57  Drone  
  16  1:00  Extractor  
  16  1:02  Drone  
  17  1:16  Spawning Pool  
  16  1:19  Drone  
  17  1:26  Drone  
  17  1:29  Drone  
  19  1:46  Overlord  
  19  2:04  Queen  
  19  2:05  Metabolic Boost  
  19  2:07  Queen  
  23  2:08  Zergling x2  
  23  2:11  Zergling x2  
  26  2:15  Drone  
  26  2:26  Drone x3  
  29  2:31  Zergling x2  
  29  2:36  Drone  
  31  2:41  Drone  
  31  2:42  Evolution Chamber  
  31  2:47  Drone  
  31  2:51  Spore Crawler  
  31  2:53  Drone  
  31  2:58  Spore Crawler  
  31  3:01  Drone  
  31  3:03  Drone  
  33  3:08  Drone  
  33  3:12  Zerg Melee Weapons Level 1  
  34  3:15  Drone  
  34  3:16  Drone  
  36  3:21  Overlord  
  36  3:40  Zergling x2  
  36  3:41  Zergling x10  
  40  3:45  Zergling x2  
  40  3:46  Zergling x6  
  44  3:51  Overlord  
  44  3:59  Overlord  
  42  4:08  Zergling x2  
  42  4:09  Zergling x2  
  44  4:13  Overlord  
  43  4:22  Drone x3  
  45  4:30  Lair  
  45  4:33  Drone x2, Extractor  
  45  4:35  Zergling x2  
  47  4:43  Drone x3  
  47  4:44  Drone  
  51  4:50  Drone x2  
  51  4:52  Overlord  
  53  4:58  Zergling x6  
  51  5:09  Zergling x10  
  54  5:19  Zergling x2  
  55  5:24  Zergling x2  
  56  5:28  Zerg Melee Weapons Level 2  
  56  5:30  Zergling x6  
  56  5:36  Zergling x4  
  56  5:41  Hatchery, Zergling x4  
  55  5:48  Zergling x6  
  56  5:51  Zergling x2  
  54  6:02  Evolution Chamber  
  54  6:03  Drone x3  
  54  6:04  Drone  
  57  6:06  Extractor x2  
  57  6:07  Zergling x2  
  56  6:11  Zergling x2  
  56  6:12  Zergling x4  
  56  6:15  Drone  
  56  6:18  Drone  
  61  6:24  Zergling x2  
  60  6:28  Zerg Ground Armor Level 1  
  60  6:30  Drone x3  
  63  6:35  Overlord  
  63  6:40  Infestation Pit  
  63  6:41  Zergling x2  
  63  6:42  Zergling x8  
  67  6:47  Zergling x2  
  67  6:52  Overlord  
  68  6:55  Queen  
  68  6:56  Drone  
  68  7:00  Zergling x2  
  75  7:01  Zergling x6  
  75  7:07  Zergling x4  
  75  7:14  Zergling x6  
  75  7:15  Zergling x2  
  66  7:21  Hive, Zergling x2  
  66  7:22  Zergling x4  
  69  7:26  Zergling x2  
  70  7:32  Zergling x2  
  70  7:33  Zergling x6  
  74  7:38  Zergling x10  
  80  7:44  Zergling x2  
  80  7:46  Overseer  
  80  7:49  Zergling x4  
  83  7:58  Zergling x6  
  83  8:05  Zergling x6  
  88  8:17  Zergling x12  
  88  8:18  Zergling x2  
  88  8:21  Zergling x2  
  88  8:26  Zergling x2  
  72  8:30  Zergling x2  
  72  8:31  Zergling x2  
  59  8:44  Zergling x2  
  59  8:45  Zergling x8  
  59  8:46  Ultralisk Cavern  
  59  8:47  Drone  
  64  8:48  Zerg Ground Armor Level 2  
  64  8:50  Zerg Melee Weapons Level 3  
  64  8:52  Drone x2  
  66  8:58  Drone  
  66  9:01  Drone x2  
  69  9:11  Drone x5  
  69  9:14  Adrenal Glands  
  74  9:19  Drone  
  74  9:20  Drone x3  
  78  9:24  Overlord  
  78  9:26  Overlord  
  78  9:28  Drone  
  79  9:36  Zergling x2  
  79  9:37  Zergling x8  
  81  9:42  Zergling x8  
  80  9:49  Chitinous Plating  
  80  9:55  Ultralisk  
  86  10:03  Ultralisk  
  86  10:05  Zergling x4  
  94  10:07  Zergling x2  
  95  10:15  Zergling x12  
  101  10:26  Drone  
  102  10:33  Zergling x2  
  102  10:34  Zergling x14  
  103  10:37  Zergling x10  
  95  10:48  Zergling x8  
  95  10:49  Zergling x2  
  96  11:03  Zergling x12  
  98  11:09  Zergling x6  
  100  11:13  Zergling x4  
  100  11:16  Zergling x2  
  100  11:17  Zergling x2  
  103  11:22  Zergling x6  
  100  11:32  Spore Crawler  
  93  11:33  Spore Crawler x2  
  93  11:36  Spore Crawler, Zergling x2  
  93  11:37  Zergling x12  
  95  11:45  Zergling x4  
  95  11:46  Zergling x6  
  98  11:49  Zergling x2  
  92  11:59  Spore Crawler x2, Zergling x10  
  92  12:00  Zergling x2  
  93  12:05  Spore Crawler  
  93  12:08  Spore Crawler  
  90  12:09  Zergling x4  
  90  12:14  Zergling x2  
  92  12:17  Zergling x2  
  92  12:24  Spore Crawler  
  92  12:25  Zergling x4  
  91  12:31  Zergling x8  
  91  12:32  Zergling x2  
  87  12:40  Spore Crawler  
  87  12:43  Spore Crawler, Zergling x10  
  87  12:44  Zergling x4  
  88  12:48  Zergling x2  
  88  12:49  Zergling x2  
  90  12:52  Zergling x2  
  82  13:05  Spore Crawler x2, Zergling x10  
  82  13:13  Spore Crawler  
  82  13:14  Spore Crawler  
  82  13:15  Spore Crawler  
  82  13:17  Spore Crawler  
  78  13:20  Zergling x2  
  78  13:21  Zergling x12  
  85  13:32  Spore Crawler  
Show
View Real Time Build Order
Export as new Build Order

UrineTrouble Protoss - Winner!

Build Orders:  

Get SALT Encoding   

  12  0:01  Probe (Chrono Boost)  
  13  0:12  Probe (Chrono Boost)  
  14  0:17  Pylon  
  14  0:22  Probe (Chrono Boost)  
  15  0:36  Probe (Chrono Boost)  
  15  0:37  Gateway  
  16  0:46  Probe (Chrono Boost)  
  16  0:47  Assimilator  
  17  0:53  Assimilator  
  18  0:57  Probe (Chrono Boost)  
  18  1:07  Probe (Chrono Boost)  
  19  1:12  Pylon  
  19  1:18  Probe (Chrono Boost)  
  20  1:27  Pylon  
  20  1:28  Probe (Chrono Boost)  
  20  1:32  Cybernetics Core  
  21  1:39  Probe (Chrono Boost)  
  22  1:49  Probe (Chrono Boost)  
  23  2:00  Probe (Chrono Boost)  
  24  2:01  Warp Gate  
  24  2:09  Twilight Council  
  24  2:14  Mothership Core (Chrono Boost)  
  26  2:15  Stalker  
  28  2:32  Probe (Chrono Boost)  
  28  2:35  Gateway x2  
  28  2:48  Gateway  
  28  2:51  Pylon  
  28  3:15  Nexus  
  28  3:19  Probe (Chrono Boost)  
  29  3:30  Gateway  
  29  3:31  Probe (Chrono Boost)  
  30  3:38  Gateway  
  30  3:43  Probe (Chrono Boost)  
  31  3:55  Probe (Chrono Boost)  
  31  4:11  Stalker x3  
  37  4:34  Stalker  
  37  4:35  Stalker x3  
  45  5:05  Nexus  
  43  5:48  Pylon x2  
  39  5:50  Pylon  
  35  6:02  Nexus  
  35  6:07  Stalker x3  
  35  6:08  Stalker  
  43  6:12  Stalker  
  43  6:17  Probe (Chrono Boost)  
  46  6:27  Probe x2 (Chrono Boost)  
  48  6:38  Probe (Chrono Boost)  
  49  6:47  Stalker x2  
  49  6:49  Probe (Chrono Boost)  
  54  6:55  Stalker  
  46  7:25  Stalker x5  
  46  7:26  Stalker  
  58  7:34  Twilight Council  
  56  7:48  Probe x3 (Chrono Boost)  
  59  7:56  Stalker x2  
  64  7:58  Probe (Chrono Boost)  
  64  8:01  Stalker  
  64  8:02  Stalker  
  66  8:22  Blink  
  60  8:32  Stalker x6  
  68  8:51  Robotics Facility  
  68  8:53  Probe (Chrono Boost), Robotics Facility  
  68  8:54  Probe (Chrono Boost)  
  70  8:57  Assimilator  
  70  8:58  Assimilator  
  70  9:00  Assimilator  
  70  9:02  Assimilator  
  70  9:04  Probe (Chrono Boost)  
  70  9:05  Probe (Chrono Boost)  
  70  9:06  Probe (Chrono Boost)  
  73  9:17  Probe (Chrono Boost)  
  73  9:18  Probe (Chrono Boost)  
  73  9:19  Probe (Chrono Boost)  
  76  9:28  Probe x2 (Chrono Boost)  
  79  9:31  Probe (Chrono Boost)  
  79  9:39  Probe x2 (Chrono Boost), Immortal  
  79  9:43  Probe (Chrono Boost), Immortal  
  90  9:49  Probe x2 (Chrono Boost)  
  92  9:56  Probe (Chrono Boost)  
  92  9:58  Pylon  
  92  9:59  Pylon  
  93  10:01  Pylon  
  93  10:03  Pylon  
  93  10:16  Immortal  
  93  10:17  Probe x2 (Chrono Boost), Forge  
  93  10:18  Probe (Chrono Boost), Forge  
  93  10:19  Immortal  
  82  10:50  Immortal  
  82  10:53  Protoss Ground Armor Level 1, Protoss Ground Weapons Level 1  
  87  10:57  Immortal  
  87  10:58  Probe x3 (Chrono Boost)  
  91  11:10  Probe (Chrono Boost)  
  92  11:14  Probe x2 (Chrono Boost)  
  94  11:22  Probe (Chrono Boost)  
  97  11:26  Probe x2 (Chrono Boost)  
  95  11:34  Probe (Chrono Boost)  
  95  11:38  Probe (Chrono Boost)  
  95  11:39  Stalker x5  
  91  11:40  Stalker  
  91  11:49  Templar Archives  
  91  12:01  Gateway x2  
  90  12:04  Gateway  
  60  12:25  High Templar x4  
  60  12:26  High Templar x2  
  72  12:32  Archon x2  
  72  12:37  Archon  
  72  12:43  Probe (Chrono Boost)  
  72  12:44  Probe x2 (Chrono Boost)  
  75  12:47  Nexus  
  75  12:56  Probe x3 (Chrono Boost)  
  78  13:03  High Templar x2  
  78  13:04  High Templar x2  
  86  13:06  High Templar  
  86  13:08  Probe (Chrono Boost), High Templar  
  86  13:10  Archon x2  
  86  13:12  Archon  
  73  13:33  High Templar x2  
  73  13:41  Archon  
Tags
 
Add a new tag
Caveats
  • Supply blocks, unpowered buildings, or Contaminate may cause inaccurate times.
  • Supply counts are checked every 10 seconds.